 Dungeon Crawl Stone Soup version 0.32-a0-921-g04a7ad8 (webtiles) character file.

Game seed: 1318054378257051727

61 Torus the Trooper (level 4, 0/40 HPs)
             Began as a Ghoul Chaos Knight on Apr 12, 2024.
             Was a Plaything of Xom.
             Slain by a fire bat (shapeshifter) (5 damage)
             ... on level 3 of the Dungeon.
             The game lasted 00:03:14 (1649 turns).

Torus the Trooper (Ghoul Chaos Knight)              Turns: 1649, Time: 00:03:14

Health: 0/40       AC:  5    Str: 15      XL:     4   Next: 7%
Magic:  4/4        EV: 10    Int: 10 (11) God:    Xom [......]
Gold:   107        SH:  0    Dex: 10      Spells: 3/3 levels left

rFire   . . .        f - +1 short sword (speed)
rCold   + . .        (no shield)
rNeg    + + +        a - +2 leather armour
rPois   ∞            (no helmet)
rElec   .            (no cloak)
rCorr   .            (no gloves)
SInv    .            (no boots)
Will    .....        c - amulet of reflection
Stlth   +            (no ring)
HPRegen 0.00/turn    (no ring)
MPRegen 0.09/turn

%: reflection
@: confused, inhibited regen, hasted, very quick
A: claws 1, cold resistance 1, negative energy resistance 3, inhibited
regeneration, torment resistance 2, devour on kill
a: Renounce Religion


You were on level 3 of the Dungeon.
You worshipped Xom.
You were a very special plaything of Xom.
You visited 1 branch of the dungeon, and saw 3 of its levels.

You collected 107 gold pieces.

Inventory:

Hand Weapons
 f - a +1 short sword of speed (weapon)
Missiles
 i - 12 stones (quivered)
 j - 4 poisoned darts
Armour
 a - a +2 leather armour (worn)
Jewellery
 c - an amulet of reflection (around neck)
Scrolls
 b - a scroll of butterflies
 g - a scroll of immolation {unknown}
 m - 2 scrolls of enchant weapon {unknown}
Potions
 e - a potion of attraction {unknown}
 h - a potion of heal wounds {unknown}
 k - a potion of cancellation {unknown}
 l - a potion of might {unknown}
 n - 2 potions of enlightenment {unknown}
 o - 2 potions of resistance {unknown}


   Skills:
 + Level 3.8 Fighting
 + Level 0.6 Short Blades
 + Level 2.2 Armour
 + Level 1.5 Dodging
 * Level 1.0 Stealth
 + Level 0.3 Shields
 - Level 3.7 Unarmed Combat


You had 3 spell levels left.
You didn't know any spells.
Your spell library contained the following spells:

 Spells                   Type           Power      Damage    Failure   Level
 Ensorcelled Hibernation  Hex/Ice        0%         N/A       56%         2
 Fugue of the Fallen      Necr           0%         N/A       80%         3
 Anguish                  Hex/Necr       0%         N/A       99%         4


Dungeon Overview and Level Annotations

Branches:
Dungeon (3/15)

Altars:


Innate Abilities, Weirdness & Mutations

You are immune to poison.
You have sharp fingernails.
Your flesh is cold resistant. (rC+)
You are immune to negative energy. (rN+++)
You do not regenerate when monsters are visible.
You are immune to unholy pain and torment.
You thrive by killing the living.


Message History

The fire bat is moderately wounded.
The fire bat closely misses you. The fire bat bites you.
You are engulfed in flames.
You hit the fire bat.
The fire bat is moderately wounded.
The fire bat bites you.
You are engulfed in flames.
* * * LOW HITPOINT WARNING * * *
You closely miss the fire bat.
The fire bat is moderately wounded.
The fire bat bites you but does no damage.
You block the fire bat's attack.
You hit the fire bat but do no damage.
The fire bat is moderately wounded.
You block the fire bat's attack.
You hit the fire bat but do no damage.
The fire bat is moderately wounded.
The fire bat closely misses you.
You completely miss the fire bat.
The fire bat is moderately wounded.
The fire bat bites you.
* * * LOW HITPOINT WARNING * * *
You are engulfed in flames.
* * * LOW HITPOINT WARNING * * *
The fire bat barely misses you.
You feel yourself speed up. The fire bat barely misses you.
The fire bat bites you.
* * * LOW HITPOINT WARNING * * *
You are engulfed in flames.
* * * LOW HITPOINT WARNING * * *
You hit the fire bat but do no damage.
The fire bat is moderately wounded.
The fire bat closely misses you.
You barely miss the fire bat.
The fire bat is moderately wounded.
Xom titters.
You are confused.
The fire bat misses you. The fire bat completely misses you.
You bump into the rock wall.
The fire bat bites you.
You die...
Xom chortles!

#...####.############
#.lb@.............#
#...#####.....<...#.#
## #...######.#.#
#.........#####....##
#.#####.........#...#
#.# #########.....#
#.# ##.#..# #.##
#....# ### #..#
#..#.# ..# #..#
######..#.# #.# #..#
#.......#.# # #.#
#..# #.#####.#.#
#.##.#######..# #.#
#.#.# #.............#
##.## #.#.#
####.########.#
##...## #.# ..##.#
#.######.#.#.###.#


You could see a fire bat shaped shifter and a frilled lizard.

Vanquished Creatures
  2 adders
  A dart slug (D:2)
  An orc (D:2)
  6 ball pythons
  5 bats
  An endoplasm (D:1)
  3 giant cockroaches
  3 goblins (D:1)
  2 hobgoblins (D:1)
  2 kobolds (D:2)
  A quokka (D:1)
  4 frilled lizards
  4 rats
35 creatures vanquished.

Vanquished Creatures (collateral kills)
  A ball python (D:2)
  2 endoplasms (D:2)
3 creatures vanquished.

Grand Total: 38 creatures vanquished

Notes
Turn   | Place    | Note
-------+----------+-------------------------------------------
     0 | D:1      | Torus the Ghoul Chaos Knight began the quest for the Orb.
     0 | D:1      | Reached XP level 1. HP: 19/19 MP: 1/1
    92 | D:1      | Reached skill level 1 in Dodging
   103 | D:1      | XOM: silly message
   118 | D:1      | Reached XP level 2. HP: 26/26 MP: 2/2
   475 | D:1      | XOM: 3-stop teleportation journey
   861 | D:2      | XOM: summons friendly white imp
   880 | D:2      | Reached XP level 3. HP: 29/31 MP: 3/3
   964 | D:2      | Found a faded altar of an unknown god.
  1038 | D:2      | XOM is BORED!
  1038 | D:2      | XOM: stat loss: -2 Int (9/11)
  1174 | D:2      | XOM: cloud trail
  1222 | D:2      | XOM: cast spell 'Disjunction'
  1478 | D:3      | Reached skill level 1 in Stealth
  1478 | D:3      | Reached XP level 4. HP: 38/40 MP: 4/4
  1604 | D:3      | XOM: confusion
  1609 | D:3      | a hound changed into a shapeshifter
  1609 | D:3      | Noticed a shapeshifter (shapeshifter)
  1609 | D:3      | XOM: polymorph hound -> shapeshifter
  1609 | D:3      | a shapeshifter changed into a jelly
  1624 | D:3      | a hound changed into a brain worm
  1624 | D:3      | Noticed a brain worm (shapeshifter)
  1638 | D:3      | a brain worm changed into a fire bat
  1638 | D:3      | Noticed a fire bat (shapeshifter)
  1648 | D:3      | XOM: confusion
  1649 | D:3      | Slain by a fire bat (shapeshifter)

Illustrated notes

Levels and vault maps discovered:
D:1:      wander_arrival_chamber, layout_loops_ring
D:2:      layout_basic, hellmonk_ecumenical_altar_leap_of_faith,
          grunt_ministairs_15, nicolae_twisty_statue_hallways
D:3:      layout_loops_ring, minmay_tree_intersection, uniq_crazy_yiuf_cottage

Skill      XL: |  1  2  3 |
---------------+----------+-----
Dodging        | 1 |  1.5
Armour         | 2 |  2.2
Stealth        | 1 |  1.0
Fighting       | |  3.8
Short Blades   | |  0.6
Shields        | |  0.3
Unarmed Combat | |  3.7

Action                     |  1- 3 |  4- 6 || total
---------------------------+-------+-------++-------
  Melee: Unarmed           |    19 |       ||    19
         Short sword       |   143 |    40 ||   183
    Use: Scroll            |     3 |       ||     3
         Potion            |       |     1 ||     1
 Armour: Leather armour    |    85 |    15 ||   100
  Dodge: Dodged            |    74 |    17 ||    91
  Block: Other             |    19 |     6 ||    25

Table legend: (Time is in decaauts)
 A = Elapsed time spent in this place.
 B = Non-inter-level travel time spent in this place.
 C = Inter-level travel time spent in this place.
 D = Time resting spent in this place.
 E = Time spent auto-exploring this place.
 F = Levels seen in this place.
 G = Mean time per level.
                   A        B        C        D        E       F      G
               +--------+--------+--------+--------+--------+-----+--------+
         Total |   1584 |   1541 |     43 |      0 |   1234 |   3 |  528.0 |
       Dungeon |   1584 |   1541 |     43 |      0 |   1234 |   3 |  528.0 |
               +--------+--------+--------+--------+--------+-----+--------+

Top non-repeatable levels by time:
     D:1: 826 daAuts
     D:2: 589 daAuts
     D:3: 168 daAuts
